Map: 이페머론 - 래더

Players

soO - Winner!

  • Race: Zerg Zerg
  • League: Master
  • Spawn Location: 5:00

llllllllllll (Stats)

  • Race: Protoss Protoss
  • League: Master
  • Spawn Location: 11:00

Event: HomeStory Cup XX

VOD

Have the link to the VOD?

Description

Time

  • Played on: Nov. 22, 2019, 4:20 a.m.
  • Length: 10:20

All games in this series

Show
View Real Time Build Order
Export as new Build Order

soO Zerg - Winner!

Build Orders: 3 Hatch before Pool, Lurkers 

Get SALT Encoding   

  12  0:00  Drone  
  13  0:12  Overlord  
  13  0:17  Drone  
  14  0:30  Drone x2  
  14  0:34  Drone  
  17  0:52  Hatchery  
  17  0:55  Drone  
  17  1:15  Hatchery  
  16  1:19  Drone  
  16  1:22  Drone  
  18  1:32  Extractor  
  17  1:37  Spawning Pool  
  16  1:40  Drone  
  16  1:43  Drone  
  16  1:46  Drone  
  19  1:54  Drone  
  20  2:04  Drone  
  21  2:14  Hatchery  
  21  2:24  Queen x2  
  21  2:25  Zergling x2  
  21  2:27  Overlord  
  26  2:33  Zergling x4  
  27  2:39  Metabolic Boost  
  27  2:46  Zergling x4  
  27  2:48  Zergling x2  
  31  2:51  Zergling x2  
  31  2:54  Drone  
  32  3:05  Drone x2  
  32  3:12  Overlord, Queen  
  34  3:18  Drone  
  34  3:19  Drone  
  35  3:20  Drone  
  35  3:26  Drone  
  37  3:30  Queen  
  37  3:33  Drone  
  40  3:35  Drone  
  40  3:39  Drone x2  
  43  3:43  Overlord  
  43  3:46  Drone  
  43  3:47  Drone  
  45  3:50  Drone  
  45  3:52  Zergling x2  
  45  3:53  Zergling x2  
  47  3:57  Spore Crawler  
  47  4:01  Spore Crawler  
  47  4:02  Zergling x2  
  45  4:05  Spore Crawler, Drone  
  45  4:08  Drone  
  45  4:09  Drone  
  47  4:11  Zergling x2  
  47  4:13  Drone  
  47  4:15  Drone  
  47  4:17  Drone  
  51  4:19  Drone  
  51  4:21  Drone  
  53  4:24  Overlord  
  53  4:27  Drone  
  53  4:28  Drone  
  55  4:32  Drone  
  55  4:36  Zergling x2  
  55  4:37  Zergling x2, Overlord  
  58  4:41  Overlord  
  58  4:50  Drone  
  58  4:51  Lair  
  58  4:52  Overlord  
  58  4:53  Extractor  
  58  4:55  Drone  
  58  4:59  Queen, Drone x5  
  63  5:02  Drone  
  63  5:04  Drone x2  
  63  5:06  Drone  
  69  5:11  Extractor  
  69  5:12  Extractor  
  69  5:13  Drone x2  
  69  5:14  Drone x2  
  70  5:16  Drone  
  70  5:17  Drone  
  70  5:18  Drone  
  73  5:23  Drone x2  
  73  5:27  Overlord  
  75  5:29  Overlord  
  75  5:35  Overlord  
  75  5:38  Overlord  
  75  5:39  Overlord  
  75  5:41  Overlord  
  73  5:47  Drone  
  73  5:49  Extractor  
  73  5:52  Zergling x6, Hydralisk Den  
  73  5:53  Zergling x2, Overlord  
  76  5:59  Overlord  
  76  6:02  Drone x3  
  76  6:03  Overlord  
  79  6:06  Overlord  
  79  6:12  Overlord  
  79  6:21  Hydralisk x8  
  79  6:23  Lurker Den  
  79  6:24  Grooved Spines  
  94  6:34  Drone x4  
  94  6:38  Hydralisk x4  
  105  6:43  Overlord  
  105  6:58  Hydralisk x2  
  105  7:00  Hydralisk  
  105  7:01  Hydralisk  
  111  7:04  Zergling x2  
  111  7:05  Zergling x10  
  111  7:08  Hatchery, Overseer  
  117  7:25  Zergling x24  
  129  7:32  Overlord  
  129  7:36  Lurker x5  
  134  7:40  Zergling x14  
  134  7:41  Muscular Augments  
  141  7:58  Hydralisk x4  
  141  8:00  Evolution Chamber, Zergling x4  
  150  8:08  Queen x2  
  150  8:09  Hydralisk x2  
  150  8:10  Hydralisk x2  
  162  8:15  Spore Crawler x2  
  162  8:16  Spore Crawler x2  
  162  8:17  Spore Crawler x2  
  149  8:20  Hydralisk  
  149  8:23  Hydralisk x2  
  143  8:31  Hydralisk x2  
  142  8:37  Hydralisk  
  143  8:45  Hydralisk x2  
  139  9:09  Drone  
  139  9:12  Hydralisk x2  
  139  9:16  Hydralisk x3  
  139  9:23  Hatchery  
  127  9:27  Hydralisk x2  
  128  9:36  Hydralisk x2  
  122  9:42  Hatchery  
  114  10:04  Drone x2  
  114  10:06  Drone  
Show
View Real Time Build Order
Export as new Build Order

llllllllllll Protoss 

Build Orders: Oracle Opening 

Get SALT Encoding   

  12  0:00  Probe  
  13  0:12  Probe  
  14  0:21  Pylon  
  14  0:24  Probe  
  15  0:35  Assimilator  
  15  0:36  Probe  
  16  0:43  Gateway  
  16  0:44  Probe  
  17  0:53  Probe  
  18  1:05  Probe  
  19  1:17  Probe  
  20  1:23  Pylon  
  20  1:28  Gateway  
  20  1:29  Probe  
  20  1:30  Cybernetics Core  
  21  1:34  Zealot  
  23  1:41  Probe  
  23  1:45  Assimilator  
  24  1:53  Probe  
  25  1:57  Adept  
  25  2:05  Adept  
  27  2:11  Probe  
  30  2:30  Nexus  
  30  2:40  Stargate  
  30  2:41  Probe  
  31  2:49  Pylon  
  31  3:07  Probe, Adept x2  
  31  3:09  Warp Gate  
  34  3:16  Oracle  
  34  3:19  Probe  
  38  3:31  Probe  
  39  3:42  Probe  
  39  3:43  Probe, Pylon  
  39  3:47  Void Ray  
  41  3:54  Probe  
  41  3:55  Probe  
  47  4:06  Probe  
  47  4:07  Probe  
  47  4:09  Pylon  
  49  4:19  Probe x2  
  49  4:23  Oracle  
  51  4:30  Assimilator  
  51  4:31  Probe x2  
  55  4:32  Assimilator  
  56  4:43  Probe x2  
  58  4:55  Probe  
  58  4:56  Probe  
  60  5:00  Adept x2, Pylon  
  60  5:01  Pylon  
  64  5:07  Probe  
  64  5:08  Probe, Pylon  
  66  5:19  Nexus  
  66  5:20  Pylon  
  66  5:23  Pylon  
  66  5:28  Probe x2  
  68  5:46  Fleet Beacon  
  68  5:47  Probe x2, Stargate  
  68  5:49  Sentry x2  
  74  5:53  Void Ray  
  78  5:59  Probe x2  
  80  6:05  Pylon  
  80  6:11  Probe x2  
  82  6:18  Void Ray  
  82  6:23  Probe x2, Void Ray, Unknown  
  84  6:30  Assimilator  
  84  6:31  Probe  
  89  6:34  Assimilator  
  89  6:35  Probe x2  
  89  6:36  Shield Battery  
  89  6:38  Phoenix x2  
  95  6:43  Probe  
  96  6:47  Probe x2  
  96  6:53  Void Ray  
  98  6:55  Probe  
  98  6:58  Void Ray  
  98  6:59  Probe x2  
  109  7:10  Probe  
  109  7:11  Probe x2  
  112  7:17  Stargate  
  112  7:19  Pylon  
  112  7:21  Pylon  
  112  7:28  Carrier  
  112  7:29  Shield Battery  
  112  7:30  Shield Battery  
  112  7:32  Shield Battery  
  112  7:36  Zealot  
  112  7:37  Zealot  
  116  7:40  Forge  
  116  7:41  Carrier  
  128  7:53  Carrier  
  128  7:57  Zealot  
  128  7:58  Zealot  
  125  8:21  Stalker x2  
  93  8:36  Shield Battery  
  93  8:37  Shield Battery  
  93  8:39  Shield Battery  
  89  8:48  Zealot  
  68  9:16  Oracle  
  30  9:55  Nexus  
  30  10:02  Pylon  
Tags
 
Add a new tag
Caveats
  • Supply blocks, unpowered buildings, or Contaminate may cause inaccurate times.
  • Supply counts are checked every 10 seconds.